 Dungeon Crawl Stone Soup version 0.25.1-3-ge44b62a0b3 (webtiles) character file.

Game seed: 12987363156819246544

671 Glamhuggeren the Poker (level 7, 0/52 HPs)
             Began as a Demonspawn Gladiator on Nov 20, 2020.
             Was an Initiate of Dithmenos.
             Slain by an orc
             ... wielding a +0 falchion
              (4 damage)
             ... on level 5 of the Dungeon on Nov 23, 2020.
             The game lasted 00:20:49 (5635 turns).

Glamhuggeren the Poker (Demonspawn Gladiator)       Turns: 5635, Time: 00:20:49

Health: 0/52       AC:  4    Str: 14    XL:     7   Next: 32%
Magic:  0/7        EV: 13    Int: 10    God:    Dithmenos [......]
Gold:   306        SH:  5    Dex: 16    Spells: 6/6 levels left

rFire    + . .     SeeInvis .   a - +0 dagger (freeze)
rCold    . . .     Gourm    .   (no shield)
rNeg     . . .     Faith    .   b - +0 leather armour
rPois    .         Spirit   +   c - +0 helmet
rElec    .         Reflect  +   (no cloak)
rCorr    .         Harm     .   (no gloves)
MR       +....                  (no boots)
Stlth    ++........             D - amulet of reflection
HPRegen  0.17/turn              w - ring of protection from magic
MPRegen  0.10/turn              o - ring of protection from fire

@: no status effects
A: claws 1, powered by pain 1, magic shield
a: Renounce Religion


You were on level 5 of the Dungeon.
You worshipped Dithmenos.
Dithmenos was noncommittal.
You were not hungry.

You visited 2 branches of the dungeon, and saw 6 of its levels.

You collected 306 gold pieces.

Inventory:

Hand Weapons
 a - a +0 dagger of freezing (weapon)
 n - a +0 trident
Missiles
 d - 4 throwing nets
 e - 195 stones (quivered)
 l - 4 boomerangs
Armour
 b - a +0 leather armour (worn)
 c - a +0 helmet (worn)
 y - a +0 tower shield
Jewellery
 h - an uncursed ring of protection from cold
 o - a ring of protection from fire (right claw)
 q - an uncursed amulet of magic regeneration
 w - a ring of protection from magic (left claw)
 D - an amulet of reflection (around neck)
Wands
 z - a wand of iceblast (7)
Scrolls
 g - 5 scrolls of remove curse {unknown}
 i - a scroll of amnesia {unknown}
 j - 5 scrolls of identify {unknown}
 m - 2 scrolls of magic mapping {unknown}
 p - 4 scrolls of enchant weapon {unknown}
 r - a scroll of noise {unknown}
 u - a scroll of enchant armour {unknown}
 v - a scroll of random uselessness {unknown}
 B - 6 scrolls of teleportation {unknown}
 E - a scroll of blinking {unknown}
 F - a scroll of fog {unknown}
Potions
 k - a potion of haste
 s - a potion of flight {unknown}
 t - 2 potions of magic {unknown}
 x - a potion of berserk rage {unknown}
 A - a potion of curing {unknown}
 C - a potion of heal wounds {unknown}
 G - a potion of ambrosia {unknown}
 I - a potion of invisibility {unknown}
 J - 2 potions of cancellation {unknown}
Comestibles
 f - 4 rations
 H - 3 chunks of flesh


   Skills:
 - Level 3.0 Fighting
 + Level 1.9 Short Blades
 - Level 6.3 Polearms
 - Level 2.0 Throwing
 - Level 3.0 Dodging
 * Level 3.1 Stealth


You had 6 spell levels left.
You didn't know any spells.
Your spell library was empty.

Dungeon Overview and Level Annotations

Branches:
Dungeon (5/15)             Temple (1/1) D:4

Altars:
Ashenzari
Cheibriados
Dithmenos
Elyvilon
Gozag
Hepliaklqana
Kikubaaqudgha
Makhleb
Nemelex Xobeh
Okawaru
Qazlal
Ru
Sif Muna
Trog
Uskayaw
Vehumet
Wu Jian
Xom
Yredelemnul
Zin
The Shining One

Annotations:
D:3 3 runed translucent doors, denis1488's ghost, amateur HuFi


Innate Abilities, Weirdness & Mutations

You have sharp fingernails.
You sometimes gain a little power by taking damage.
When hurt, damage is shared between your health and your magic reserves.


Message History

You resist with almost no effort. The orc hits you with a +0 club.
* * * LOW HITPOINT WARNING * * *
You hit the orc wizard. You freeze the orc wizard.
The orc wizard is moderately wounded.
The orc wizard barely misses you. The orc closely misses you.
You barely miss the orc wizard.
The orc wizard is moderately wounded.
You block the orc wizard's attack.
The orc wizard hits you but does no damage.
The orc hits you with a +0 club.
* * * LOW HITPOINT WARNING * * *
You block the orc's attack.
The orc wizard hits you but does no damage.
You block the orc wizard's attack.
You hit the orc wizard. You freeze the orc wizard.
The orc wizard is moderately wounded.
The orc barely misses you. The orc wizard barely misses you.
The orc wizard hits you but does no damage.
The orc hits you with a +0 falchion.
You die...

....[.[.......##....#
....................#
..................###
..................#
..................#
..................#
.................##
...............o.#
...............o@#
......oo# .......o.
.....###.. ....# ##.
.... ## ... #.


You could see 2 orc wizards and 3 orcs.

Vanquished Creatures
  2 phantoms
  A centaur (D:5)
  Blork the orc (D:4)
  A howler monkey (D:4)
  A bullfrog skeleton (D:4)
  Ijyb (D:3)
  An iguana (D:4)
  2 worker ants (D:4)
  A howler monkey zombie (D:5)
  3 gnolls (D:3)
  6 adders
  2 oozes
  An adder skeleton (D:5)
  A worm (D:2)
  4 dart slugs
  4 leopard geckos
  3 orcs
  4 ball pythons
  2 giant cockroaches (D:3)
  5 goblins
  6 hobgoblins
  7 jackals
  11 kobolds
  3 quokkas
  5 bats
  3 frilled lizards
  4 rats
85 creatures vanquished.

Notes
Turn   | Place    | Note
-------+----------+-------------------------------------------
     0 | D:1      | Glamhuggeren the Demonspawn Gladiator began the quest for
                  | the Orb.
     0 | D:1      | Reached XP level 1. HP: 16/16 MP: 1/1
   398 | D:1      | Gained mutation: You sometimes gain a little power by
                  | taking damage. [demonic ancestry]
   398 | D:1      | Reached XP level 2. HP: 22/22 MP: 2/2
   525 | D:1      | Reached skill level 3 in Polearms
  1159 | D:2      | Reached XP level 3. HP: 28/28 MP: 3/3
  1748 | D:3      | Gained mutation: When hurt, damage is shared between your
                  | health and your magic reserves. [demonic ancestry]
  1748 | D:3      | Reached XP level 4. HP: 13/34 MP: 4/4
  1899 | D:3      | Reached skill level 4 in Polearms
  2213 | D:3      | Found a runed translucent gate.
  2217 | D:3      | Found a runed translucent gate.
  2217 | D:3      | Found a runed translucent gate.
  2267 | D:3      | Noticed Ijyb
  2275 | D:3      | Killed Ijyb
  2275 | D:3      | Reached XP level 5. HP: 33/41 MP: 3/5
  2512 | D:3      | Noticed denis1488's ghost (amateur HuFi)
  3013 | D:4      | Reached skill level 5 in Polearms
  3238 | D:4      | Noticed a phantom
  3278 | D:4      | Killed a phantom
  3278 | D:4      | Reached XP level 6. HP: 27/47 MP: 4/6
  3459 | D:4      | Reached skill level 6 in Polearms
  3473 | D:4      | Found a staircase to the Ecumenical Temple.
  3559 | Temple   | Entered the Ecumenical Temple
  3790 | Temple   | Became a worshipper of Dithmenos the Shadowed
  4471 | D:5      | Entered Level 5 of the Dungeon
  4475 | D:5      | Noticed Blork the orc
  4505 | D:4      | Killed Blork the orc
  4505 | D:4      | Reached skill level 1 in Stealth
  4923 | D:5      | Reached skill level 1 in Short Blades
  4923 | D:5      | Gained mutation: You have sharp fingernails. [demonic
                  | ancestry]
  4923 | D:5      | Reached XP level 7. HP: 52/52 MP: 7/7
  5635 | D:5      | Slain by an orc

Illustrated notes

Levels and vault maps discovered:
D:1:      evilmike_arrival_rings, layout_loops_ring, minmay_curled_crystal,
          st_stairs_6, minivault_26
D:2:      layout_loops_ring
D:3:      layout_loops_corners, gammafunk_ghost_icy,
          minmay_fractal_squares_diagonal_5, uniq_ijyb
D:4:      layout_basic, temple_hall
D:5:      layout_layer_cave, ebering_ghost_sewer_f, first_ration,
          chequers_mini_garden, grunt_ministairs_8, kennysheep_path_1,
          uniq_blork_the_orc, uniq_menkaure, uniq_sigmund
Temple:   minmay_crystal_snake_temple

Skill      XL: |  1  2  3  4  5  6  7 |
---------------+----------------------+-----
Polearms       | 3 4 5 6 |  6.3
Throwing       | 2 |  2.0
Dodging        | 3 |  3.0
Fighting       | 3 |  3.0
Stealth        | 2 3 |  3.1
Short Blades   | 1 |  1.9

Action                   |  1- 3 |  4- 6 |  7- 9 || total
-------------------------+-------+-------+-------++-------
Melee: Trident           |   119 |   145 |       ||   264
       Dagger            |       |    87 |    95 ||   182
Throw: Throwing net      |       |     4 |       ||     4
       Stone             |       |     3 |     1 ||     4
  Use: Potion            |       |     1 |       ||     1
 Stab: Sleeping          |     1 |     5 |       ||     6
       Held in net/web   |       |     1 |       ||     1
  Eat: Chunk             |     3 |     9 |       ||    12
       Ration            |       |       |     1 ||     1
Armor: Leather armour    |    10 |    33 |    19 ||    62
Dodge: Dodged            |    57 |   128 |    51 ||   236
Block: Other             |       |    34 |    23 ||    57
       Reflection        |       |     2 |       ||     2
